 Dungeon Crawl Stone Soup version 0.22.0-38-g04b72b8c25 (webtiles) character file.

16 Jynx the Chiller (level 2, 0/28 HPs)
             Began as a Merfolk Ice Elementalist on Aug 30, 2018.
             Succumbed to a kobold's poison
             ... on level 1 of the Dungeon.
             The game lasted 00:01:26 (607 turns).

Jynx the Chiller (Merfolk Ice Elementalist)          Turns: 607, Time: 00:01:27

Health: 0/28       AC: 21    Str: 11    XL:     2   Next: 54%
Magic:  5/5        EV:  2    Int: 14    God:
Gold:   19         SH:  0    Dex: 14    Spells: 4/5 levels left

rFire    . . .     SeeInvis .   d - +0 dagger
rCold    . . .     Gourm    .   (no shield)
rNeg     + + +     Faith    .   (armour currently unavailable)
rPois    +         Spirit   .   (helmet currently unavailable)
rElec    .         Reflect  .   (cloak currently unavailable)
rCorr    .         Harm     .   (gloves currently unavailable)
MR       .....     NoTele   +   (boots currently unavailable)
Stlth    ++........             (no amulet)
HPRegen  0.09/turn              h - +3 ring of strength
MPRegen  0.09/turn              (no ring)

@: lethally poisoned (0 -> -23), tree-form
A: (change form in water), (swift swim), (stealthy swim)
a: no special abilities


You were on level 1 of the Dungeon.
You were not hungry.
You were a tree.
You visited 1 branch of the dungeon, and saw 1 of its levels.

You collected 19 gold pieces.

Inventory:

Hand Weapons
 d - a +0 dagger (weapon)
Armour
 a - a +0 robe (melded)
Jewellery
 h - a +3 ring of strength (left branch)
Scrolls
 e - a scroll of fear {unknown}
 i - 2 scrolls of amnesia {unknown}
Comestibles
 c - a ration
 f - a chunk of flesh


   Skills:
 * Level 1.4 Short Blades
 - Level 2.6 Dodging
 - Level 2.1 Stealth
 + Level 2.2 Spellcasting
   Level 0.7 Conjurations
 * Level 3.6 Ice Magic


You had 4 spell levels left.
You knew the following spells:

 Your Spells              Type           Power        Failure   Level  Hunger
a - Freeze                Ice            ##..         5%          1    #......

Your spell library contained the following spells:

 Spells                   Type           Power        Failure   Level  Hunger
 Throw Frost              Conj/Ice       #.....       14%         2    ###....
 Ozocubu's Armour         Chrm/Ice       #.......     32%         3    ###....
 Throw Icicle             Conj/Ice       #.......     67%         4    #####..
 Summon Ice Beast         Ice/Summ       #.......     73%         4    #####..


Dungeon Overview and Level Annotations

Branches:
Dungeon (1/15)

Altars:


Message History

* * * LOW HITPOINT WARNING * * *
It was a potion of lignification.
You turn into a tree.
Your +0 robe melds into your body.
Your roots penetrate the ground.
* * * LOW HITPOINT WARNING * * *
You feel sick. The rat bites you but does no damage.
The kobold hits you but does no damage.
You are more poisoned.
You hit the kobold.
You kill the kobold!
* * * LOW HITPOINT WARNING * * *
You feel sick.
You hit the giant cockroach but do no damage.
* * * LOW HITPOINT WARNING * * *
You feel sick. The rat bites you but does no damage.
The giant cockroach bites you but does no damage.
You aren't carrying any potions.
Put on which piece of jewellery? (? for menu, Esc to quit)
You feel stronger.
h - a +3 ring of strength (left branch)
You die...

#..............# #.#.# #
#.#......$.###.# #.#.#
#....#)........#####.#.####
#.....>###.###.......#.##..
#....#.# #.# #.........##.#
#.#.##.###.# #..#.#.##.##.#
......#.....# #.........÷..#
#.##.#..##..#s#.##.....##.##.#
# #.#..##..#♣...#.###.##.##.#
..........r......##.##.##..
##.#..##................####
#..#.......#.#...##.####
#.##.##....#.########### # #.
..####... ..[.. . .#. ..
###... .# . . ...... ..##...


You could see a giant cockroach and a rat.

Vanquished Creatures
  3 goblins (D:1)
  3 hobgoblins (D:1)
  A bat (D:1)
  3 frilled lizards (D:1)
  2 kobolds (D:1)
  4 rats (D:1)
16 creatures vanquished.

Notes
Turn   | Place    | Note
-------+----------+-------------------------------------------
     0 | D:1      | Jynx the Merfolk Ice Elementalist began the quest for the Orb.
     0 | D:1      | Reached XP level 1. HP: 13/13 MP: 3/3
   291 | D:1      | Reached skill level 1 in Short Blades
   463 | D:1      | Reached XP level 2. HP: 13/19 MP: 3/5
   606 | D:1      | HP: 1/28 [poisoned by a kobold]
   607 | D:1      | Succumbed to a kobold's poison

Skill      XL: |  1 |
---------------+----+-----
Short Blades   | 1 |  1.4
Dodging        | |  2.6
Stealth        | |  2.1
Spellcasting   | |  2.2
Conjurations   | |  0.7
Ice Magic      | |  3.6

Action                   || total
-------------------------++-------
Melee: Dagger            ||    53
 Cast: Freeze            ||    14
  Use: Potion            ||     2
Armor: Robe              ||     7
       Skin              ||     4
Dodge: Dodged            ||    43
